 Dungeon Crawl Stone Soup version 0.30-a0-760-g5a9884bb7c (webtiles) character file.

Game seed: 16946423473486489444

69935 kae the Geomancer (level 15, -2/92 HPs)
             Began as a Gargoyle Earth Elementalist on Feb 10, 2023.
             Was a High Priest of Vehumet.
             Shot with an arrow by a centaur warrior (14 damage)
             ... on level 14 of the Dungeon.
             The game lasted 00:32:24 (25819 turns).

kae the Geomancer (Gargoyle Earth Elementalist)    Turns: 25819, Time: 00:32:25

Health: -2/92      AC: 26    Str: 17      XL:     15   Next: 31%
Magic:  27/27      EV:  7    Int: 27 (29) God:    Vehumet [*****.]
Gold:   2306       SH:  0    Dex: 10      Spells: 3/30 levels left

rFire   . . .      SeeInvis .    m - staff of earth {!a}
rCold   . . .      Faith    .    (no shield)
rNeg    + . .      Spirit   .    f - +1 plate armour "Xeuh" {Str+5}
rPois   ∞          Reflect  .    P - +2 hat
rElec   +          Harm     .    S - +2 cloak {rPois}
rCorr   .          Rampage  .    i - +1 pair of gloves
Will    +....                    G - +2 pair of boots Stlth
                                 (no amulet)
HPRegen 0.35/turn                I - +6 ring of intelligence
MPRegen 0.20/turn                Z - ring of wizardry

@: liquefying, corroded, flying, slowed movement, very slow
A: sickness immunity, AC +11, big wings, negative energy resistance 1,
electricity resistance, torment resistance 1, petrification resistance
a: Renounce Religion


You were on level 14 of the Dungeon.
You worshipped Vehumet.
Vehumet was extremely pleased with you.
You visited 3 branches of the dungeon, and saw 20 of its levels.
You also visited: Gauntlet.

You collected 2342 gold pieces.
You spent 36 gold pieces at shops.


Innate Abilities, Weirdness & Mutations

You are immune to sickness and miasma.
Your stone body is resilient. (AC +11)
You are immune to poison.
Your large and strong wings let you fly.
You resist negative energy. (rN+)
You are resistant to electric shocks. (rElec)
You are resistant to unholy torment.
You are immune to petrification.


   Skills:
 - Level 10.1 Fighting
 - Level 8.0 Staves
 - Level 10.1 Armour
 - Level 8.0 Dodging
 - Level 2.1 Stealth
 - Level 8.0 Spellcasting
 + Level 13.4 Conjurations
 - Level 0.7 Transmutations
 + Level 13.7 Earth Magic
 - Level 8.0 Evocations


You had 3 spell levels left.
You knew the following spells:

 Your Spells              Type           Power      Damage    Failure   Level
a - Sandblast             Erth           100%       2d20      1%          1
b - Stone Arrow           Conj/Erth      100%       3d13      1%          3
c - Passwall              Tmut/Erth      54%        N/A       4%          2
d - Petrify               Tmut/Erth      65%        N/A       26%         4
e - Lee's Rapid Deconstr  Erth           45%        3d22*     1%          5
f - Lehudib's Crystal Sp  Conj/Erth      45%        10d11     92%         8
g - Leda's Liquefaction   Hex/Erth       32%        N/A       32%         4

Your spell library contained the following spells:

 Spells                   Type           Power      Damage    Failure   Level
 Fulminant Prism          Conj/Hex       23%        3d12      10%         4
 Wereblood                Tmut           14%        N/A       50%         2
 Call Canine Familiar     Summ           10%        N/A       82%         3
 Portal Projectile        Hex/Tloc       20%        N/A       82%         3
 Irradiate                Conj/Tmut      24%        3d19      21%         5
 Olgreb's Toxic Radiance  Pois           10%        N/A       71%         4
 Animate Dead             Necr           10%        N/A       99%         4
 Passage of Golubria      Tloc           10%        N/A       99%         4
 Blade Hands              Tmut           7%         N/A       100%        5
 Silence                  Hex/Air        5%         N/A       100%        5
 Dragon Form              Tmut           7%         N/A       100%        7
 Haunt                    Necr/Summ      5%         N/A       100%        7
 Ozocubu's Refrigeration  Ice            5%         4d8       100%        7
 Summon Hydra             Summ           5%         N/A       100%        7
 Ignition                 Fire           5%         3d4       100%        8
 Infestation              Necr           5%         N/A       100%        8
 Chain Lightning          Conj/Air       23%        3d31      100%        9
 Fire Storm               Conj/Fire      23%        8d6       100%        9
 Shatter                  Erth           45%        3d35*     100%        9
 Sublimation of Blood     Necr           Unusable   N/A       N/A         2
 Statue Form              Tmut/Erth      Unusable   N/A       N/A         6

Inventory:

Armour
 f - the +1 plate armour "Xeuh" (worn) {Str+5}
   (You found it in a Gauntlet)

   Str:       It affects your strength (+5).
 i - a +1 pair of gloves (worn)
   (You found it on level 1 of the Dungeon)
 B - +0 acid dragon scales
   (You found it on level 9 of the Dungeon)
 G - a +2 pair of boots (worn)
   (You found it on level 10 of the Dungeon)
 P - a +2 hat (worn)
   (You took it off Gastronok on level 11 of the Dungeon)
 S - a +2 cloak of poison resistance (worn)
   (You found it on level 12 of the Dungeon)
 Y - a +0 pair of boots of rampaging
   (You found it in a Gauntlet)
Magical Staves
 g - a staff of poison {!a}
   (You took it off a minotaur in a Gauntlet)
 m - a staff of earth (weapon) {!a}
   (You acquired it on level 3 of the Dungeon)
Jewellery
 c - a ring of ice
   (You found it in a Gauntlet)
 v - a ring of see invisible
   (You found it on level 13 of the Dungeon)
 C - a ring of protection from cold
   (You found it on level 9 of the Dungeon)
 F - a ring of fire
   (You found it in a Gauntlet)
 I - a +6 ring of intelligence (left hand)
   (You found it on level 2 of the Dungeon)
 L - a ring of flight
   (You found it on level 10 of the Dungeon)
 O - a +4 ring of protection
   (You took it off a minotaur in a Gauntlet)
 T - an amulet of faith {!P}
   (You found it on level 5 of the Lair of Beasts)
 Z - a ring of wizardry (right hand)
   (You found it on level 6 of the Dungeon)
Wands
 e - a wand of paralysis (16)
   (You found it on level 8 of the Dungeon)
 s - a wand of light (12)
   (You found it on level 9 of the Dungeon)
 u - a wand of digging (9)
   (You took it off Dowan on level 6 of the Dungeon)
 x - a wand of polymorph (6)
   (You found it in a Gauntlet)
 y - a wand of roots (16)
   (You found it on level 7 of the Dungeon)
 K - a wand of flame (53)
   (You found it on level 3 of the Lair of Beasts)
 R - a wand of mindburst (11)
   (You found it on level 11 of the Dungeon)
Scrolls
 a - 2 scrolls of silence {!r}
 d - 3 scrolls of noise {!r}
 k - 5 scrolls of teleportation {@r4}
 l - 3 scrolls of fog
 n - a scroll of blinking {!r}
 t - 5 scrolls of vulnerability {!r!r}
 D - 14 scrolls of identify {@r1}
 E - 5 scrolls of magic mapping {!r}
 H - a scroll of enchant weapon
 M - 4 scrolls of poison
 V - a scroll of torment {!r}
 X - 3 scrolls of enchant armour
Potions
 b - 3 potions of magic
 h - 4 potions of might
 j - 2 potions of degeneration {!q}
 o - 5 potions of haste {@q3}
 p - 6 potions of curing {@q1}
 q - 3 potions of mutation {!q}
 r - 2 potions of flight
 w - 3 potions of brilliance
 z - 5 potions of attraction {!q}
 A - 5 potions of lignification {!q}
 N - a potion of cancellation
Miscellaneous
 J - a box of beasts
   (You found it on level 2 of the Lair of Beasts)
 U - a condenser vane
   (You found it on level 12 of the Dungeon)
 W - a piece from Xom's chessboard (15/15)
   (You found it on level 13 of the Dungeon)

Dungeon Overview and Level Annotations

Branches:
Dungeon (14/15) Zot: 26307  Temple (1/1) D:4 Zot: 5965    Lair (5/5) D:9 Zot: 20630
  Swamp (0/4) Lair:3        Snake (0/4) Lair:2        Slime (0/5) Lair:4
    Orc (0/2) D:9          Vaults (0/5) D:13        Gauntlet (visited)

Altars:
Ashenzari
Cheibriados
Dithmenos
Elyvilon
Fedhas
Gozag
Hepliaklqana
Kikubaaqudgha
Makhleb
Okawaru
Qazlal
Ru
Sif Muna
Trog
Uskayaw
Vehumet
Wu Jian
Xom
Yredelemnul
Zin
The Shining One

Shops:
D:2 (*![(   D:10 *?

Portals:
Trove: D:13 (give +6 demon whip)

Annotations:
D:7 4 runed translucent doors
Temple 2 transporters
Lair:3 Urug

,,,,,*,*
#...********
*,,,,,,, ,,,,,*,**
#...* *,,,,,,,
,,,,,*,,* #...*
*,,,,,,,
*******.#*#..u*
*,,,,,,,
******...#..c*
******,,,,,,,
*,,,,,....cuc*
*,,,,,,,,,,*,
*,,,,,....cJu####
*,,,,,,,,,,+,
*,,,,,,,,,#Jc...##
*,,,,,,,,,,*,
*,,,,,.....c###@.#
*,,,,,,,,,,,,
*,,,,,.....,*
##.############,*,
*,,,,,....,,*
#............#,*,
*,,,,,...,***
##....######.#,*,
*,,,,,..,,,,*
#.##........#,*,
******#,,,,,*
#.###..######.#.
*,,,,,*
#.#...........#.
*,,,,,*
#.#.#...#######.
*,,,,,*
#...#.....# #.


You could see 2 ugly things, a titanic slime creature, a slime creature, a
centaur warrior and 2 centaurs.


Message History

You take 13 damage, and now have 64/92 hp.
You are too injured to fight recklessly!
You are too injured to fight recklessly!
You are too injured to fight recklessly!
You are too injured to fight recklessly!
Unknown command.
Casting: Leda's Liquefaction (dangerous; 32% risk of failure)
Confirm with . or Enter, or press ? or * to list all spells.
Aiming: Sandblast (safe; 1% risk of failure)
Press: ? - help, Shift-Dir - straight line, f/p - brown ugly thing
Aim: a brown ugly thing (heavily wounded, covering ground slowly, 85% to hit)
You feel a surge of power!
The blast of sand hits the brown ugly thing!!
The brown ugly thing tail-slaps you. The acid corrodes you!
You are splashed with acid. 😮 HP[-7] MP[-1]
You take 7 damage, and now have 57/92 hp.
You lost 1 mp, and now have 16/27 mp.
Casting: Sandblast (safe; 1% risk of failure)
Confirm with . or Enter, or press ? or * to list all spells.
Aiming: Sandblast (safe; 1% risk of failure)
Press: ? - help, Shift-Dir - straight line, f/p - brown ugly thing
Aim: a brown ugly thing (heavily wounded, covering ground slowly, 85% to hit)
You feel a surge of power!
The blast of sand hits the brown ugly thing!!
You kill the brown ugly thing!
Vehumet accepts your kill.
You feel your power returning.
The centaur warrior shoots an arrow.
The arrow hits you!
* * * LOW HITPOINT WARNING * * *
The green ugly thing basks in the mutagenic energy from its kin and changes! 😨 HP[-11] MP[+3]
You take 11 damage, and now have 46/92 hp.
You regained 3 mp, and now have 19/27 mp.
Casting: Sandblast (safe; 1% risk of failure)
Confirm with . or Enter, or press ? or * to list all spells.
Aiming: Sandblast (safe; 1% risk of failure)
Press: ? - help, Shift-Dir - straight line, f/p - brown ugly thing
Aim: a brown ugly thing (heavily wounded, covering ground slowly, 85% to hit)
You feel a surge of power!
The blast of sand hits the brown ugly thing!
The brown ugly thing tentacle-slaps you!
* * * LOW HITPOINT WARNING * * *
The acid corrodes you!
You are splashed with acid!
* * * LOW HITPOINT WARNING * * *
😨 HP[-18]
You take 18 damage, and now have 28/92 hp.
Casting: Sandblast (safe; 1% risk of failure)
Confirm with . or Enter, or press ? or * to list all spells.
Aiming: Sandblast (safe; 1% risk of failure)
Press: ? - help, Shift-Dir - straight line, f/p - brown ugly thing
Aim: a brown ugly thing (severely wounded, covering ground slowly, 85% to hit)
You feel a surge of power!
The blast of sand hits the brown ugly thing!!
You kill the brown ugly thing!
Vehumet accepts your kill.
You feel your power returning.
The centaur warrior shoots an arrow.
The arrow hits you!
* * * LOW HITPOINT WARNING * * *
The cyan ugly thing basks in the mutagenic energy from its kin and changes! 😱 HP[-11] MP[+5]
You take 11 damage, and now have 17/92 hp.
You regained 5 mp, and now have 24/27 mp.
Casting: Sandblast (safe; 1% risk of failure)
Confirm with . or Enter, or press ? or * to list all spells.
Aiming: Sandblast (safe; 1% risk of failure)
Press: ? - help, Shift-Dir - straight line, f - brown ugly thing
Aim: a brown ugly thing (covering ground slowly, 85% to hit)
You feel a surge of power!
The blast of sand hits the brown ugly thing!!
The brown ugly thing punches you but does no damage. 😱 HP[+1] MP[-1]
You lost 1 mp, and now have 23/27 mp.
Casting: Sandblast (safe; 1% risk of failure)
Confirm with . or Enter, or press ? or * to list all spells.
Aiming: Sandblast (safe; 1% risk of failure)
Press: ? - help, Shift-Dir - straight line, f/p - brown ugly thing
Aim: a brown ugly thing (heavily wounded, covering ground slowly, 85% to hit)
You feel a surge of power!
The blast of sand hits the brown ugly thing!!
The red ugly thing basks in the mutagenic energy from its kin and changes!
The brown ugly thing basks in the mutagenic energy from its kin and changes!
Casting: Sandblast (safe; 1% risk of failure)
Confirm with . or Enter, or press ? or * to list all spells.
Aiming: Sandblast (safe; 1% risk of failure)
Press: ? - help, Shift-Dir - straight line, f/p - green ugly thing
Aim: a green ugly thing (almost dead, covering ground slowly, 85% to hit)
You feel a surge of power!
The blast of sand hits the green ugly thing!!!
You kill the green ugly thing!
Vehumet accepts your kill.
You feel your power returning.
The centaur warrior shoots an arrow.
The arrow hits you!
* * * LOW HITPOINT WARNING * * *
The centaur warrior shoots an arrow.
The arrow barely misses you. 😱 HP[-6] MP[+4]
You take 6 damage, and now have 12/92 hp.
Your mp is fully restored (27).
The centaur warrior shoots an arrow.
The arrow hits you!
You die...

Skill      XL: |  1  2  3  4  5  6  7  8  9 10 11 12 13 14 15 |
---------------+----------------------------------------------+-----
Earth Magic    | 4 5 6 7 8 9 11 12 13 | 13.7
Spellcasting   | 3 4 5 6 7 8 |  8.0
Conjurations   | 1 3 5 7 9 11 12 13 | 13.4
Fighting       | 5 8 10 | 10.1
Armour         | 5 8 10 | 10.1
Dodging        | 4 6 8 |  8.0
Staves         | 4 8 |  8.0
Evocations     | 4 8 |  8.0
Stealth        | |  2.1
Transmutations | |  0.7

Action                     |  1- 3 |  4- 6 |  7- 9 | 10-12 | 13-15 || total
---------------------------+-------+-------+-------+-------+-------++-------
  Melee: Unarmed           |    17 |     4 |       |       |       ||    21
         Staff             |       |       |       |       |   121 ||   121
         Punch             |       |       |       |       |     5 ||     5
   Cast: Sandblast         |    34 |    52 |    75 |   195 |   233 ||   589
         Stone Arrow       |       |     1 |    43 |   178 |   426 ||   648
         Petrify           |       |       |       |     6 |    11 ||    17
         Lee's Rapid Decon |       |       |       |       |     6 ||     6
         Lehudib's Crystal |       |       |       |       |     1 ||     1
         Leda's Liquefacti |       |       |       |       |     1 ||     1
  Evoke: Wand              |       |       |       |     3 |     2 ||     5
         Box of beasts     |       |       |       |     1 |       ||     1
    Use: Scroll            |     2 |    11 |     6 |     7 |     6 ||    32
         Potion            |       |       |       |     3 |     5 ||     8
 Armour: Robe              |     5 |     1 |     8 |    11 |       ||    25
         Acid dragon scale |       |       |       |   107 |   354 ||   461
         Plate armour      |       |       |       |       |    53 ||    53
  Dodge: Dodged            |    21 |    12 |    18 |   152 |   336 ||   539

Levels and vault maps discovered:
D:1:      elethiomel_arrival_maze, layout_basic
D:2:      layout_basic, serial_shops, nicolae_shop_hallway_plus, shop,
          nicolae_shop_advertising_works [nicolae_subvault_shop_adworks],
          nicolae_shop_behind_doors, shop,
          dreamdust_ecumenical_altar_drowned_temple
D:3:      layout_basic, mainiacjoe_overflow_catch_the_wave, uniq_jessica
D:4:      layout_cave_pools, minmay_temple_entry_junction, supply_closet_lemuel,
          st_stairs_14, uniq_sigmund
D:5:      layout_rooms, nicolae_nh_ransacked_shop
D:6:      minmay_chambers_of_fours, layout_basic, uniq_duvessa
D:7:      lemuel_bear_cage, layout_layer_cave
D:8:      layout_gridville, mainiacjoe_overflow_catwalk, st_stairs_2,
          amethyst_killhole, grunt_decor_junction, uniq_psyche
D:9:      layout_loops_ring, trog_butcher_becter,
          nicolae_ru_the_path_less_chosen, minmay_lair_entry_grove,
          hiddenorc1_lemuel, uniq_harold, uniq_maurice
D:10:     layout_loops_cross, serial_shops, shop, nicolae_take_the_stairs,
          uniq_snorg
D:11:     layout_layer_cave, uniq_erolcha, uniq_gastronok
D:12:     hangedman_cross_cluster, layout_loops_cross,
          kennysheep_generic_room_2, uniq_nergalle
D:13:     layout_big_octagon, david_vaults_5, enter_trove_1
D:14:     layout_basic, gauntlet_entry_generic, dreamdust_mushroom_princess,
          moated_statue, uniq_louise
Temple:   hellmonk_temple_divided_pantheon
Lair:1:   layout_chaotic_city, grunt_megastairs_2
Lair:2:   layout_cellular_growth, nicolae_snake_entry_warm_welcome,
          nicolae_lair_run_with_the_wolves, serial_bayou_shore_a
Lair:3:   layout_hall_layers, minmay_swamp_entry_worms, st_stairs_10
Lair:4:   layout_long_grid, minmay_slime_entry_pillars,
          eino_small_chamber_without_monster, uniq_urug
Lair:5:   minmay_lair_end_frog_pond, layout_long_grid, serial_bayou,
          serial_bayou_pond_d, serial_bayou_pond_d, serial_bayou_pond_d,
          serial_bayou_shore_b, serial_bayou_pond_e

Notes
Turn   | Place    | Note
-------+----------+-------------------------------------------
     0 | D:1      | kae the Gargoyle Earth Elementalist began the quest for the
                  | Orb.
     0 | D:1      | Reached XP level 1. HP: 10/10 MP: 3/3
     0 | D:1      | magus.rc [v1.11.3]
    61 | D:1      | You pick up a book of Blood and begin reading...
    61 | D:1      | You add the spells Wereblood and Summon Hydra to your
                  | library.
   156 | D:1      | Reached skill level 4 in Earth Magic
   161 | D:1      | Reached XP level 2. HP: 11/15 MP: 0/5
   778 | D:2      | Found Micoiban's General Store.
   802 | D:2      | Bought a scroll of identify for 22 gold pieces
   846 | D:2      | Reached XP level 3. HP: 19/19 MP: 4/6
   850 | D:2      | Learned a level 3 spell: Stone Arrow
   853 | D:2      | Learned a level 2 spell: Passwall
   877 | D:2      | Found Soepiafy's Weapon Emporium.
   888 | D:2      | Found Yfaolu's Distillery.
   918 | D:2      | Reached skill level 5 in Earth Magic
   967 | D:2      | Reached XP level 4. HP: 21/24 MP: 0/8
  1021 | D:2      | Bought a potion of degeneration for 14 gold pieces
  1045 | D:2      | Found a faded altar of an unknown god.
  1450 | D:2      | Found Oghan's Antique Armour Shoppe.
  1464 | D:2      | Found Wiutzuco's Antique Weapon Shop.
  1852 | D:3      | Found a stormy altar of Qazlal.
  1868 | D:3      | Found a basalt altar of Yredelemnul.
  1921 | D:3      | Noticed Jessica
  1938 | D:3      | Killed Jessica
  1939 | D:3      | Reached skill level 3 in Spellcasting
  2492 | D:3      | Identified a scroll of acquirement
  2492 | D:3      | Acquired a staff of earth
  2555 | D:4      | Reached skill level 1 in Conjurations
  2555 | D:4      | Reached skill level 6 in Earth Magic
  2555 | D:4      | Reached XP level 5. HP: 28/28 MP: 7/9
  2582 | D:4      | Found a staircase to the Ecumenical Temple.
  2619 | Temple   | Entered the Ecumenical Temple
  2619 | Temple   | Found a transporter.
  2619 | Temple   | Found a transporter.
  2621 | Temple   | Found a transporter.
  2621 | Temple   | Found a transporter.
  2638 | Temple   | Became a worshipper of Vehumet
  2700 | D:4      | Identified the +1 ring mail of Voyp Ota {Harm}
  2788 | D:4      | Noticed Sigmund
  2793 | D:4      | Killed Sigmund
  2794 | D:4      | Reached skill level 3 in Conjurations
  2794 | D:4      | Reached XP level 6. HP: 32/32 MP: 8/11
  3092 | D:4      | Acquired 449 gold pieces
  3120 | D:5      | Entered Level 5 of the Dungeon
  3220 | D:5      | Reached skill level 7 in Earth Magic
  3222 | D:5      | Reached XP level 7. HP: 36/36 MP: 5/12
  3476 | D:5      | Reached skill level 4 in Conjurations
  3493 | D:5      | Reached skill level 4 in Spellcasting
  3577 | D:5      | Noticed a wyvern
  3583 | D:5      | Killed a wyvern
  3583 | D:5      | Reached * piety under Vehumet
  3583 | D:5      | Offered knowledge of Shock by Vehumet.
  3584 | D:5      | Reached skill level 8 in Earth Magic
  3790 | D:6      | Learned a level 4 spell: Petrify
  3831 | D:6      | Reached skill level 5 in Conjurations
  3831 | D:6      | Reached XP level 8. HP: 41/41 MP: 10/14
  4071 | D:6      | Noticed Duvessa
  4072 | D:6      | Noticed Dowan
  4074 | D:6      | Killed Duvessa
  4077 | D:6      | Killed Dowan
  4078 | D:6      | Reached skill level 6 in Conjurations
  4319 | D:6      | Reached skill level 9 in Earth Magic
  4401 | D:6      | Noticed a gargoyle
  4486 | D:6      | Reached skill level 5 in Spellcasting
  4488 | D:6      | Killed a gargoyle
  4489 | D:6      | Reached skill level 7 in Conjurations
  4489 | D:6      | Reached XP level 9. HP: 45/45 MP: 2/16
  4668 | D:6      | Reached skill level 10 in Earth Magic
  5259 | D:7      | Reached skill level 8 in Conjurations
  5666 | D:7      | Reached skill level 11 in Earth Magic
  5697 | D:7      | Reached ** piety under Vehumet
  5697 | D:7      | Offered knowledge of Freeze by Vehumet.
  5841 | D:7      | Reached skill level 6 in Spellcasting
  6306 | D:7      | Found a huge runed translucent gate.
  6307 | D:7      | Found a huge runed translucent gate.
  6307 | D:7      | Noticed a polar bear
  6308 | D:7      | Found a huge runed translucent gate.
  6308 | D:7      | Noticed a polar bear
  6308 | D:7      | Noticed a manticore
  6308 | D:7      | Noticed a manticore
  6308 | D:7      | Noticed a polar bear
  6308 | D:7      | Noticed a polar bear
  6308 | D:7      | Noticed a polar bear
  6309 | D:7      | Found a huge runed translucent gate.
  6309 | D:7      | Noticed a polar bear
  6310 | D:7      | Noticed a polar bear
  6538 | D:8      | Found a snail-covered altar of Cheibriados.
  6543 | D:8      | Reached skill level 9 in Conjurations
  6543 | D:8      | Reached XP level 10. HP: 50/50 MP: 12/19
  6798 | D:8      | Noticed Psyche
  6800 | D:8      | Killed Psyche
  7334 | D:9      | Reached skill level 12 in Earth Magic
  7342 | D:9      | Reached skill level 10 in Conjurations
  7480 | D:9      | Found a staircase to the Lair.
  7491 | D:9      | Reached skill level 7 in Spellcasting
  7492 | D:9      | Offered knowledge of Ignite Poison by Vehumet.
  7735 | D:9      | Noticed Harold
  7785 | D:9      | Reached skill level 11 in Conjurations
  8089 | D:9      | Noticed Maurice
  8240 | D:9      | Reached *** piety under Vehumet
  8291 | D:9      | Found a staircase to the Orcish Mines.
  8343 | D:9      | Killed Maurice
  8523 | D:9      | Found a sacrificial altar of Ru.
  8701 | D:9      | Found a bloodstained altar of Trog.
  8734 | D:9      | Reached XP level 11. HP: 54/54 MP: 15/22
  8866 | D:9      | Noticed a two-headed ogre
  8869 | D:9      | Killed a two-headed ogre
  8870 | D:9      | Reached skill level 12 in Conjurations
  8940 | D:9      | Killed Harold
  8941 | D:9      | Reached skill level 8 in Spellcasting
  8941 | D:9      | Reached skill level 1 in Fighting
  8941 | D:9      | Reached skill level 1 in Armour
  8941 | D:9      | Reached skill level 2 in Dodging
  8984 | D:10     | Entered Level 10 of the Dungeon
  9004 | D:10     | You pick up a book of Death and begin reading...
  9004 | D:10     | You add the spells Animate Dead, Haunt and Infestation to
                  | your library.
  9281 | D:10     | Found Zuvvuoll's Magic Scroll Shoppe.
  9339 | D:10     | Reached skill level 2 in Fighting
  9339 | D:10     | Reached skill level 2 in Armour
  9433 | D:10     | Found Saadunet's Assorted Antiques.
  9521 | D:10     | Noticed a two-headed ogre
  9526 | D:10     | Killed a two-headed ogre
  9596 | D:10     | Noticed Snorg
  9607 | D:10     | Reached skill level 3 in Fighting
  9607 | D:10     | Reached skill level 3 in Armour
  9610 | D:10     | Reached skill level 3 in Dodging
  9806 | D:10     | Killed Snorg
  9925 | D:10     | Reached skill level 4 in Fighting
  9985 | Lair:1   | Entered Level 1 of the Lair of Beasts
  9998 | Lair:1   | Reached skill level 4 in Armour
 10076 | Lair:1   | Offered knowledge of Mephitic Cloud by Vehumet.
 10335 | Lair:1   | Reached skill level 4 in Dodging
 10442 | Lair:1   | Reached skill level 5 in Fighting
 10442 | Lair:1   | Reached skill level 5 in Armour
 11010 | Lair:2   | Reached XP level 12. HP: 66/68 MP: 13/24
 11334 | Lair:2   | Reached skill level 6 in Fighting
 11337 | Lair:2   | Reached skill level 6 in Armour
 11337 | Lair:2   | Reached skill level 5 in Dodging
 11474 | Lair:2   | HP: 14/70 [wolf (5)]
 11918 | Lair:2   | HP: 16/71 [wolf spider (6)]
 12198 | Lair:2   | Found a staircase to the Snake Pit.
 12207 | Lair:2   | Reached **** piety under Vehumet
 12210 | Lair:2   | HP: 16/71 [lava snake/glob of lava (12)]
 12211 | Lair:2   | Reached skill level 7 in Fighting
 12212 | Lair:2   | Reached skill level 7 in Armour
 13173 | Lair:3   | Reached skill level 6 in Dodging
 13289 | Lair:3   | Offered knowledge of Lightning Bolt by Vehumet.
 13381 | Lair:3   | You pick up a book of the Earth and begin reading...
 13381 | Lair:3   | You add the spells Leda's Liquefaction and Lee's Rapid
                  | Deconstruction to your library.
 13462 | Lair:3   | Reached skill level 8 in Fighting
 13462 | Lair:3   | Reached skill level 8 in Armour
 13975 | Lair:3   | Reached XP level 13. HP: 75/79 MP: 13/25
 14369 | Lair:3   | Found a staircase to the Swamp.
 14687 | Lair:4   | Reached skill level 7 in Dodging
 14800 | Lair:4   | Reached skill level 9 in Fighting
 14800 | Lair:4   | Reached skill level 9 in Armour
 14944 | Lair:4   | Learned a level 5 spell: Lee's Rapid Deconstruction
 15850 | Lair:4   | Noticed Urug
 16028 | Lair:3   | HP: 20/81 [Urug/+4 eveningstar of protection (14)]
 16317 | Lair:3   | HP: 14/82 [elephant (8)]
 16318 | Lair:3   | HP: 1/82 [elephant (14)]
 16567 | Lair:4   | Reached skill level 10 in Fighting
 16567 | Lair:4   | Reached skill level 10 in Armour
 16660 | Lair:4   | Reached skill level 8 in Dodging
 16823 | Lair:4   | You pick up a book of Annihilations and begin reading...
 16823 | Lair:4   | You add the spells Chain Lightning, Fire Storm and Shatter
                  | to your library.
 16858 | Lair:4   | Found a staircase to the Slime Pits.
 17127 | Lair:5   | Entered Level 5 of the Lair of Beasts
 17135 | Lair:5   | Reached skill level 1 in Staves
 17245 | Lair:5   | Reached skill level 1 in Evocations
 17348 | Lair:4   | Reached skill level 2 in Staves
 17465 | Lair:5   | Reached skill level 2 in Evocations
 17606 | Lair:5   | Reached skill level 3 in Staves
 17805 | Lair:5   | Reached skill level 3 in Evocations
 18018 | Lair:5   | Reached skill level 4 in Staves
 18022 | Lair:5   | Reached ***** piety under Vehumet
 18022 | Lair:5   | Offered knowledge of Sticky Flame by Vehumet.
 18028 | Lair:5   | Reached skill level 4 in Evocations
 18028 | Lair:5   | Gained mutation: Your large and strong wings let you fly.
                  | [Gargoyle growth]
 18028 | Lair:5   | Reached XP level 14. HP: 86/88 MP: 10/26
 18201 | Lair:5   | Reached skill level 5 in Staves
 18357 | Lair:5   | Reached skill level 5 in Evocations
 18541 | Lair:5   | Reached skill level 6 in Staves
 18547 | Lair:5   | You pick up a book of the Moon and begin reading...
 18547 | Lair:5   | You add the spells Passage of Golubria, Silence and
                  | Lehudib's Crystal Spear to your library.
 18838 | Lair:5   | You pick up a book of Transfigurations and begin reading...
 18838 | Lair:5   | You add the spells Irradiate, Blade Hands and Dragon Form
                  | to your library.
 19234 | D:10     | Learned a level 8 spell: Lehudib's Crystal Spear
 19402 | D:11     | Noticed Gastronok
 19413 | D:11     | Killed Gastronok
 20229 | D:11     | Noticed Erolcha
 20232 | D:11     | Killed Erolcha
 20233 | D:11     | Reached skill level 6 in Evocations
 20680 | D:12     | Learned a level 4 spell: Leda's Liquefaction
 20838 | D:12     | Reached skill level 7 in Staves
 20984 | D:12     | Identified the +3 leather armour of Context {Drain rElec
                  | rF+++ Dex-5}
 21344 | D:12     | Noticed Nergalle
 21452 | D:11     | Killed Nergalle
 21584 | D:12     | Reached skill level 7 in Evocations
 22099 | D:12     | Found a blossoming altar of Fedhas.
 22103 | D:12     | Reached skill level 8 in Staves
 22366 | D:12     | Reached skill level 8 in Evocations
 23022 | D:13     | Found a portal to a secret trove of treasure.
 23260 | D:13     | You add the spells Olgreb's Toxic Radiance, Ozocubu's
                  | Refrigeration and Ignition to your library.
 23607 | D:13     | Reached XP level 15. HP: 31/92 MP: 4/27
 24019 | D:13     | Reached skill level 13 in Earth Magic
 24193 | D:13     | Found a gate to the Vaults.
 24198 | D:13     | You pick up a book of the Hunter and begin reading...
 24198 | D:13     | You add the spells Call Canine Familiar and Portal
                  | Projectile to your library.
 24292 | D:14     | Found a gate leading to a gauntlet.
 24302 | Gauntlet | Entered a Gauntlet
 24302 | Gauntlet | Found a transporter.
 24312 | Gauntlet | Found a transporter.
 24312 | Gauntlet | Found a transporter.
 24321 | Gauntlet | Found a transporter.
 24336 | Gauntlet | Found a transporter.
 24341 | Gauntlet | Found a transporter.
 24362 | Gauntlet | Found a transporter.
 24377 | Gauntlet | Found a transporter.
 24389 | Gauntlet | Found a transporter.
 24394 | Gauntlet | Found a transporter.
 24409 | Gauntlet | Found a transporter.
 24415 | Gauntlet | Found a transporter.
 24432 | Gauntlet | Found a transporter.
 24438 | Gauntlet | Found a transporter.
 24440 | Gauntlet | Found a transporter.
 24457 | Gauntlet | Found a transporter.
 24462 | Gauntlet | Found a transporter.
 24507 | Gauntlet | Found a transporter.
 24681 | Gauntlet | Reached skill level 13 in Conjurations
 24956 | Gauntlet | Identified the +1 pair of boots of Starshine {-Tele Rampage
                  | rCorr Str+5}
 24974 | Gauntlet | Identified the +1 plate armour "Xeuh" {Str+5}
 25126 | Gauntlet | Identified the +2 helmet "Rol Ten" {Rampage rC+ Str+3}
 25290 | D:14     | Offered knowledge of Fulminant Prism by Vehumet.
 25292 | D:14     | HP: 21/92 [gargoyle/stone arrow (12)]
 25815 | D:14     | HP: 17/92 [centaur warrior/arrow (11)]
 25819 | D:14     | Shot with an arrow by a centaur warrior

Vanquished Creatures
  Gastronok (D:11)
  A minotaur (Gauntlet)
  Snorg (D:10)
  Harold (D:9)
  5 hydras
  A vault guard (D:13)
  A catoblepas (Lair:5)
  Erolcha (D:11)
  5 centaur warriors (D:13)
  4 two-headed ogres
  3 boulder beetles
  A tengu warrior (Gauntlet)
  Nergalle (D:11)
  A fire crab (Lair:3)
  2 skysharks
  A goliath frog (Lair:5)
  An orange crystal statue (Gauntlet)
  A wolf spider (Lair:2)
  2 deep elf pyromancers
  10 ugly things
  An oklob plant (Lair:3)
  A salamander (Lair:2)
  6 cyclopes
  A manticore (D:12)
  3 black mambas (Lair:4)
  Maurice (D:9)
  10 elephants
  3 gargoyles
  19 cane toads
  4 rime drakes
  3 unseen horrors
  A minotaur zombie (Gauntlet)
  2 kobold demonologists (D:12)
  Psyche (D:8)
  7 komodo dragons
  A freezing wraith (D:14)
  2 tengu conjurers
  3 tyrant leeches (Lair:5)
  A hornet (D:8)
  4 trolls
  A polar bear (shapeshifter) (D:14)
  2 polar bears
  26 blink frogs
  Sigmund (D:4)
  11 slime creatures
  10 wyverns
  A ynoxinul (Gauntlet)
  23 yaks
  7 wraiths
  2 shadows (D:10)
  6 basilisks
  A steam dragon (Lair:2)
  10 vampire mosquitoes
  3 swamp worms (Lair:3)
  5 acid dragons
  18 water moccasins
  Duvessa (D:6)
  A sky beast (D:6)
  4 orc warriors
  4 ice beasts
  3 black bears
  4 centaurs
  A boggart (D:12)
  17 wolves
  An ogre (D:7)
  A phantom (D:5)
  3 kobold brigands
  15 bullfrogs
  A gnoll sergeant (D:12)
  7 scorpions
  8 wights
  Dowan (D:6)
  5 electric eels
  3 howler monkeys
  2 lava snakes (Lair:2)
  5 jellies
  2 orc priests
  2 hounds (D:6)
  2 iron imps (Gauntlet)
  Jessica (D:3)
  4 iguanas
  10 orc wizards
  11 gnolls
  2 adders
  A shadow imp (D:8)
  A white imp (D:8)
  2 ufetubi (D:6)
  A worm (D:4)
  2 dart slugs
  31 orcs
  A ball python (D:3)
  5 endoplasms
  3 giant cockroaches (D:1)
  3 hobgoblins
  2 jackals (D:5)
  16 kobolds
  4 quokkas
  4 bats
  2 frilled lizards (D:3)
  7 goblins
  5 rats
  A spectral goblin (D:2)
457 creatures vanquished.

Vanquished Creatures (collateral kills)
  A wolf (Lair:2)
1 creature vanquished.

Vanquished Creatures (others)
  68 fungi
  161 plants
229 creatures vanquished.

Grand Total: 687 creatures vanquished

Table legend:
 A = Non-vault XP
 B = Vault XP
 C = Vault XP percentage of total XP
 D = Non-vault monster count
 E = Vault monster count
 F = Vault count percentage of total count
                 A         B        C        D         E       F
            +---------+---------+-------+---------+---------+-------
      Total |   58770 |   41138 |  41.2 |     289 |     169 |  36.9
            +---------+---------+-------+---------+---------+-------
        D:1 |      29 |       0 |   0.0 |      16 |       0 |   0.0
        D:2 |      69 |       1 |   1.4 |      12 |       1 |   7.7
        D:3 |      25 |      37 |  59.7 |      13 |       1 |   7.1
        D:4 |     152 |     235 |  60.7 |       8 |       3 |  27.3
        D:5 |     492 |     110 |  18.3 |      15 |       7 |  31.8
        D:6 |     913 |    1064 |  53.8 |      14 |       8 |  36.4
        D:7 |    1484 |       0 |   0.0 |      24 |       0 |   0.0
        D:8 |     803 |     488 |  37.8 |      11 |       3 |  21.4
        D:9 |    1261 |    3866 |  75.4 |       5 |      36 |  87.8
       D:10 |    3092 |     933 |  23.2 |      11 |       1 |   8.3
       D:11 |    1732 |    3096 |  64.1 |      11 |       3 |  21.4
       D:12 |    5410 |    8227 |  60.3 |      19 |      25 |  56.8
       D:13 |    5932 |    3588 |  37.7 |      13 |       7 |  35.0
       D:14 |    5504 |       0 |   0.0 |      12 |       0 |   0.0
     Lair:1 |    2655 |     490 |  15.6 |      12 |       2 |  14.3
     Lair:2 |    6174 |    2309 |  27.2 |      26 |      13 |  33.3
     Lair:3 |    7547 |     635 |   7.8 |      28 |       4 |  12.5
     Lair:4 |   10747 |     989 |   8.4 |      24 |       6 |  20.0
     Lair:5 |    4749 |   11616 |  71.0 |      15 |      41 |  73.2
   Gauntlet |       0 |    3454 | 100.0 |       0 |       8 | 100.0
            +---------+---------+-------+---------+---------+-------

Illustrated notes

Table legend:
 A = Kills in this place as a percentage of kills in entire the game.
 B = Kills by you in this place as a percentage of kills by you in the entire game.
 C = Kills by friends in this place as a percentage of kills by friends in the entire game.
 D = Other kills in this place as a percentage of other kills in the entire game.
 E = Experience gained in this place as a percentage of experience gained in the entire game.
 F = Experience gained in this place divided by the number of levels of this place that you have seen.
                   A       B       C       D       E      F
               +-------+-------+-------+-------+-------+----------------------
         Total | 100.0 | 100.0 | 100.0 |   N/A | 100.0 | 4757.5
       Dungeon |  60.9 |  61.1 |   0.0 |   N/A |  48.6 | 3467.4
          Lair |  37.3 |  37.2 | 100.0 |   N/A |  48.0 | 9582.2
      Gauntlet |   1.7 |   1.8 |   0.0 |   N/A |   3.5 | 3454.0
               +-------+-------+-------+-------+-------+----------------------

Table legend: (Time is in decaauts)
 A = Elapsed time spent in this place.
 B = Non-inter-level travel time spent in this place.
 C = Inter-level travel time spent in this place.
 D = Time resting spent in this place.
 E = Time spent auto-exploring this place.
 F = Levels seen in this place.
 G = Mean time per level.
                   A        B        C        D        E       F      G
               +--------+--------+--------+--------+--------+-----+--------+
         Total |  26140 |  25356 |    784 |   3000 |  18841 |  21 | 1244.8 |
       Dungeon |  15839 |  15376 |    463 |   1271 |  12159 |  14 | 1131.4 |
        Temple |     34 |     34 |      0 |      0 |      6 |   1 |   34.0 |
          Lair |   9369 |   9049 |    320 |   1503 |   6224 |   5 | 1873.8 |
      Gauntlet |    896 |    896 |      0 |    226 |    452 |   1 |  896.0 |
               +--------+--------+--------+--------+--------+-----+--------+

Top non-repeatable levels by time:
  Lair:3: 2374 daAuts
  Lair:2: 2262 daAuts
  Lair:4: 2218 daAuts
    D:12: 1957 daAuts
    D:11: 1812 daAuts
     D:9: 1698 daAuts
  Lair:5: 1509 daAuts
     D:7: 1458 daAuts
     D:6: 1321 daAuts
    D:13: 1242 daAuts
    D:10: 1014 daAuts
  Lair:1: 1004 daAuts
     D:3: 923 daAuts
Gauntlet: 896 daAuts
     D:2: 891 daAuts
